Unix NetHack Version 5.0.0-0 post-release - last build May 17 2026 04:57:42 (dc50c8380fa5e20985bfe3072449f57b8d9895ef,branch:main).

Game began 2026-05-17 02:05:46, ended 2026-05-19 02:31:45.

Eldrich, lawful male human Archeologist

            ---------------------------------     -----     --------
            |................................     |...|     |......|
            |...-----------.------...------.|     ....|##   .......|
            |...-.(((|    |.-.(((|...|*%?@|.|     |....#    |......|
            |...|.(.(|    +.|.(((|...|.m.f-.|     |...|## ##.......|
            |...|.(((|    |.|.(((|...|(@(?|.|     |...|#####-...----
            |...|----------.------...------.|     ---+.## ## *``
            |...|%..|....|....{.............|      ##### ###*
            |...|%%.|._..|.......----|-----.|##    # ###  ####
            |...|!..|....|.......|  |..|..|..#######       ###
            |...|...|....|{......|  |..|..|.|####          ###
            |...--|----|--.......--+----|--.|   #           ##*##
            |...............................|   ##          `*####
            |.........--+----..........----.|#   #--...+.-. `## ###
            |.........|  |..-..........|(.+.|#####.........*##`  ``
            |.........|  |..|..........|..|..#    |......<.``#
            -----------  --------------------     |........
                                                  |........
                                                  ----.--..

Eldrich the Investigator   St:16 Dx:10 Co:13 In:18 Wi:15 Ch:8  Lawful
Dlvl:6  $:1910 HP:0(40) Pw:7(29) AC:4  Xp:6 T:5908 

Latest messages:
 You drop a cursed apron.
 Chibougamau cannot pay you at present.
 Will you accept 22 zorkmids in credit for a cursed apron? [ynaq] (y) y
 You traded a cursed apron for 22 zorkmids in credit.
 What do you want to drop? [$ac-eg-iloprsyABDFRU or ?*] ?
 You drop a cursed scroll of light.
 Chibougamau cannot pay you at present.
 Will you accept 22 zorkmids in credit for a cursed scroll of light? [ynaq] (y) y
 You traded a cursed scroll of light for 22 zorkmids in additional credit.
 What do you want to drop? [$ac-eg-iloprsyABDFR or ?*] ?
 What do you want to drop? [$ac-eg-iloprsyABDFR or ?*] <space>
 Never mind.
 You do not owe Chibougamau anything.
 You see here a scroll of fire (for sale, 133 zorkmids).
 You see here a candy bar (for sale, 13 zorkmids).
 You see here a runed bow (for sale, 107 zorkmids).
 That strange object is a large mimic!
 You cannot escape from the large mimic!
 In what direction? 2
 The magic missile hits the large mimic!
 The magic missile bounces!
 The magic missile hits the large mimic!
 You feel more confident in your spell casting skills.
 The housecat misses the small mimic.
 The housecat misses the small mimic.
 You fail to cast the spell correctly.
 The housecat misses the small mimic.
 The small mimic hits!
 The housecat misses the small mimic.
 In what direction? 2
 You kill the large mimic!
 The magic missile bounces!
 The magic missile hits you!
 The housecat bites the small mimic.
 The small mimic hits the housecat.
 The small mimic hits!
 You see here a towel (for sale, 67 zorkmids).
 Your housecat eats a large mimic corpse.
 You see a tripe ration appear where your housecat was!
 You are now most skilled in attack spells.
 You feel you could be more dangerous!
 You stop.  Your housecat is in the way!
 The small mimic hits!
 You die...
 Chibougamau gratefully inherits all your possessions.
 Do you want to see what you had when you died? [ynq] (y) y
 Do you want to see your attributes? [ynq] (y) y
 Do you want an account of creatures vanquished? [ynaq] (y) n
 Do you want to see your conduct and achievements? [ynq] (y) y
 Do you want to see the dungeon overview? [ynq] (y) y

Inventory:
 Coins    ('$')
  $ - 1910 gold pieces
 Amulets  ('"')
  o - an uncursed amulet versus poison (being worn)
 Weapons  (')')
  A - 9 +0 daggers (at the ready)
  a - a +2 bullwhip (weapon in right hand)
 Armor    ('[')
  c - an uncursed +0 fedora (being worn)
  r - an uncursed +0 pair of low boots (being worn)
  y - an uncursed +0 robe (being worn)
  i - an uncursed +0 studded leather armor (being worn)
 Comestibles  ('%')
  p - 4 uncursed food rations
 Scrolls  ('?')
  e - an uncursed scroll of magic mapping
  B - an uncursed scroll of stinking cloud
 Potions  ('!')
  l - an uncursed potion of oil
  R - a blessed potion of speed
 Rings    ('=')
  d - an uncursed ring of sustain ability (on right hand)
 Wands    ('/')
  F - a wand of slow monster (0:7)
 Tools    ('(')
  D - an empty uncursed bag of holding
  h - an empty uncursed sack
  s - an uncursed tin whistle
 Gems/Stones  ('*')
  g - an uncursed touchstone

Eldrich the Archeologist's attributes:

Background:
 You were an Investigator, a level 6 male human Archeologist.
 You were lawful, on a mission for Quetzalcoatl
 who was opposed by Camaxtli (neutral) and Huhetotl (chaotic).
 You were right-handed.
 You were in the Gnomish Mines, on level 6.
 You entered the dungeon 5908 turns ago.
 It was nighttime.
 There was a new moon in effect when your adventure ended.
 You had 560 experience points, 80 more were needed to attain level 7.

Basics:
 You had 0 out of 40 hit points.
 You had 7 out of 29 energy points (spell power).
 Your armor class was 4.
 Your wallet contained 1910 zorkmids.
 Autopickup was off.

Final Characteristics:
 Your strength was 16 (limit:18/100).
 Your dexterity was 10 (limit:18).
 Your constitution was 13 (limit:18).
 Your intelligence was 18 (limit:18).
 Your wisdom was 15 (limit:18).
 Your charisma was 8 (limit:18).

Final Status:
 You weren't hungry.
 You were unencumbered.
 You were wielding a whip.
 You had basic skill with whip and could have enhanced that.

Final Attributes:
 You were piously aligned.
 You were poison resistant.
 You were telepathic.
 You had automatic searching.
 You were stealthy.
 You were guarded.
 Your spell casting was enhanced by wearing a robe.
 You had fixed abilities.
 You were lucky.
 You are dead.

Miscellaneous:
 You didn't encounter any bones levels.
 Total elapsed playing time was 1 hour, 27 minutes and 42 seconds.

Major events:
 Turn
    1: Eldrich the lawful male human Archeologist entered the dungeon
 1661: attained the rank of Field Worker (level 3)
 1896: entered the Gnomish Mines
 3877: reached Mine Town
 3999: attained the rank of Investigator (level 6)
 5908: killed by a small mimic

Spells:
 Name                 Level Category     Fail Retention
 magic missile          2   attack         0%   71%-80%

Skills:
 Fighting Skills
   bare handed combat [Unskilled]
   two weapon combat  [Unskilled]
   riding             [Unskilled]
 Weapon Skills
   dagger             [Unskilled]
   knife              [Unskilled]
   pick-axe           [Basic]
   short sword        [Unskilled]
   saber              [Unskilled]
   club               [Unskilled]
   quarterstaff       [Unskilled]
   sling              [Unskilled]
   dart               [Unskilled]
   boomerang          [Unskilled]
   whip               [Basic]
   unicorn horn       [Unskilled]
 Spellcasting Skills
   attack spells      [Basic]
   healing spells     [Unskilled]
   divination spells  [Unskilled]
   matter spells      [Unskilled]

Voluntary challenges:
 Character rerolling was not enabled.
 You never genocided any monsters.
 You never polymorphed an object.
 You used no wishes.
Achievements:
 You attained the rank of Field Worker.
 You entered a shop.
 You entered the Gnomish Mines.
 You entered Minetown.
 You attained the rank of Investigator.
 You entered a temple.

 The Dungeons of Doom: levels 1 to 4
    Level 1:
       An altar to Quetzalcoatl.
    Level 2:
       A wand shop.
    Level 3:
       An altar, some fountains, a sink.
       Stairs down to The Gnomish Mines.
    Level 4:
 The Gnomish Mines: levels 4 to 6
    Level 4:
    Level 5:
    Level 6: <- You were here.
       Many shops, a temple and an altar, some fountains.
       Final resting place for
          you, killed by a small mimic.


Vanquished creatures:
  a large mimic
  a small mimic
  a dust vortex
  a gnome mummy
  a yellow light
  2 gnome leaders
  2 gnomish wizards
  4 floating eyes
  3 dwarves
  2 homunculi
  a centipede
  2 orc zombies
  4 dwarf zombies
  a wererat
  a werejackal
  3 iguanas
  3 hobbits
  a large kobold
  a hobgoblin
  4 giant rats
  a cave spider
 21 gnomes
  2 gnome zombies
  4 geckos
 16 jackals
  a fox
  2 kobolds
  3 goblins
  6 grid bugs
  6 lichens
  4 kobold zombies
  7 newts
112 creatures vanquished.

No species were genocided or became extinct.

Game over:
                       ----------
                      /          \
                     /    REST    \
                    /      IN      \
                   /     PEACE      \
                  /                  \
                  |     Eldrich      |
                  |     1910 Au      |
                  |   killed by a    |
                  |   small mimic    |
                  |                  |
                  |                  |
                  |       2026       |
                 *|     *  *  *      | *
        _________)/\\_//(\/(/\)/\//\/|_)_______

Goodbye Eldrich the Archeologist...

You died in The Gnomish Mines on dungeon level 6 with 4219 points,
and 1910 pieces of gold, after 5908 moves.
You were level 6 with a maximum of 40 hit points when you died.

